 Dungeon Crawl Stone Soup version 0.28-a0-793-g31680bbd8b (webtiles) character file.

Game seed: 17522087613255701727

179 funkygono the Firebug (level 5, 0/28 HPs)
             Began as a Gargoyle Fire Elementalist on Nov 3, 2021.
             Slain by a black bear (3 damage)
             ... on level 4 of the Dungeon on Nov 4, 2021.
             The game lasted 00:06:54 (3748 turns).

funkygono the Firebug (Gargoyle Fire Elementalist)  Turns: 3748, Time: 00:06:54

Health: 0/28       AC:  6    Str: 12    XL:     5   Next: 59%
Magic:  6/9        EV: 12    Int: 16    God:
Gold:   148        SH:  0    Dex: 10    Spells: 0/10 levels left

rFire   . . .      SeeInvis .   r - +0 whip
rCold   . . .      Faith    .   (no shield)
rNeg    + . .      Spirit   .   a - +0 robe
rPois   ∞          Reflect  .   (no helmet)
rElec   +          Harm     .   (no cloak)
rCorr   .          Rampage  .   (no gloves)
Will    .....                   (no boots)
Stlth   ++........              s - amulet of magic regeneration
HPRegen 0.09/turn               (no ring)
MPRegen 0.36/turn               (no ring)

@: no status effects
A: sickness immunity, AC +4, negative energy resistance 1, electricity
resistance, torment resistance 1, petrification resistance
a: no special abilities


You were on level 4 of the Dungeon.
You visited 1 branch of the dungeon, and saw 4 of its levels.

You collected 148 gold pieces.

Inventory:

Hand Weapons
 d - a +0 club
 r - a +0 whip (weapon)
Missiles
 i - 121 stones
Armour
 a - a +0 robe (worn)
 e - a +0 ring mail
Jewellery
 s - an amulet of magic regeneration (around neck)
Wands
 p - a wand of flame (15)
Scrolls
 c - 2 scrolls of enchant armour {unknown}
 f - 3 scrolls of magic mapping {unknown}
 g - a scroll of teleportation {unknown}
 h - a scroll of silence {unknown}
 j - 2 scrolls of identify {unknown}
 l - a scroll of summoning {unknown}
 o - a scroll of blinking {unknown}
 q - a scroll of fog {unknown}
Potions
 b - a potion of lignification {unknown}
 k - a potion of might {unknown}
 m - 4 potions of curing {unknown}
 n - a potion of attraction {unknown}


   Skills:
 + Level 0.7 Maces & Flails
 + Level 1.7 Dodging
 - Level 2.1 Stealth
 * Level 3.2 Spellcasting
 * Level 3.3 Conjurations
 * Level 4.1 Fire Magic


You couldn't memorise any spells.
You knew the following spells:

 Your Spells              Type           Power      Damage    Failure   Level
a - Foxfire               Conj/Fire      56%        2x1d6     4%          1
b - Scorch                Fire           30%        2d6       4%          2
c - Conjure Flame         Conj/Fire      14%        6-21      12%         3
d - Flame Wave            Conj/Fire      14%        3d5       36%         4

Your spell library contained the following spells:

 Spells                   Type           Power      Damage    Failure   Level
 Inner Flame              Hex/Fire       9%         N/A       24%         3
 Summon Guardian Golem    Hex/Summ       2%         N/A       50%         3
 Tukima's Dance           Hex            2%         N/A       50%         3
 Passage of Golubria      Tloc           2%         N/A       88%         4
 Yara's Violent Unravell  Hex/Tmut       1%         3d3       99%         5
 Orb of Destruction       Conj           6%         9d3       100%        7
 Spellforged Servitor     Conj/Summ      4%         N/A       100%        7


Dungeon Overview and Level Annotations

Branches:
Dungeon (4/15)
 Temple: D:4-7

Altars:
Ashenzari
Cheibriados
Qazlal


Innate Abilities, Weirdness & Mutations

You are immune to sickness and miasma.
Your stone body is resilient. (AC +4)
You are immune to poison.
You resist negative energy. (rN+)
You are resistant to electric shocks. (rElec)
You are resistant to unholy torment.
You are immune to petrification.


Message History

You kill the goblin!
The foxfire hits the black bear.
The black bear is severely wounded.
Casting: Foxfire (safe; 4% risk of failure)
Confirm with . or Enter, or press ? or * to list all spells.
You conjure some foxfire!
The black bear closely misses you. The black bear claws you.
The black bear closely misses you.
Casting: Foxfire (safe; 4% risk of failure)
Confirm with . or Enter, or press ? or * to list all spells.
You conjure some foxfire!
The foxfire hits the black bear but does no damage.
The black bear is severely wounded.
The foxfire hits the black bear.
The black bear is severely wounded.
The black bear closely misses you. The black bear claws you. x2
The foxfire hits the hobgoblin.
The hobgoblin is severely wounded.
The foxfire hits the hobgoblin.
The hobgoblin is almost dead.
The black bear goes berserk!
The black bear rages.
Casting: Foxfire (safe; 4% risk of failure)
Confirm with . or Enter, or press ? or * to list all spells.
You conjure some foxfire!
The black bear bites you! The black bear claws you.
The black bear closely misses you.
The hobgoblin hits you but does no damage.
Casting: Foxfire (safe; 4% risk of failure)
Confirm with . or Enter, or press ? or * to list all spells.
Okay, then.
The foxfire hits the hobgoblin.
You kill the hobgoblin!
The foxfire hits the black bear but does no damage.
The black bear is severely wounded.
The black bear misses you. The black bear closely misses you.
The black bear claws you.
* * * LOW HITPOINT WARNING * * *
Casting: Foxfire (safe; 4% risk of failure)
Confirm with . or Enter, or press ? or * to list all spells.
You conjure some foxfire!
The black bear bites you.
You die...

#############
######..........v########
....##.#########@v.......
....##.# #h...)....
....##.# #######.........
.......# #......†..######
....#### #.........#
....# #.........# ....#
#.........# ##.##
#.........# #.#
#.........#


You could see a black bear (berserk, ally target).

Vanquished Creatures
  An iron imp (D:3)
  An iguana (D:4)
  6 adders
  A dart slug (D:1)
  3 orcs
  8 endoplasms
  2 giant cockroaches (D:1)
  5 goblins
  4 hobgoblins
  2 jackals (D:1)
  5 quokkas
  4 ball pythons
  5 bats
  4 frilled lizards
  9 kobolds
  7 rats
67 creatures vanquished.

Vanquished Creatures (others)
  176 foxfires
176 creatures vanquished.

Grand Total: 243 creatures vanquished

Notes
Turn   | Place    | Note
-------+----------+-------------------------------------------
     0 | D:1      | funkygono the Gargoyle Fire Elementalist began the quest
                  | for the Orb.
     0 | D:1      | Reached XP level 1. HP: 10/10 MP: 3/3
    40 | D:1      | Found a faded altar of an unknown god.
   354 | D:1      | Reached XP level 2. HP: 15/15 MP: 1/5
   357 | D:1      | Learned a level 2 spell: Scorch
  1141 | D:1      | Reached XP level 3. HP: 19/19 MP: 3/6
  1145 | D:1      | Learned a level 3 spell: Conjure Flame
  2345 | D:2      | Reached XP level 4. HP: 24/24 MP: 6/8
  2632 | D:3      | Found a broken altar of Ashenzari.
  2687 | D:3      | Found a snail-covered altar of Cheibriados.
  2913 | D:3      | Noticed a fire elemental
  2926 | D:3      | Reached skill level 4 in Fire Magic
  2926 | D:3      | Reached XP level 5. HP: 28/28 MP: 5/9
  2931 | D:3      | Learned a level 4 spell: Flame Wave
  3511 | D:3      | Found a stormy altar of Qazlal.
  3512 | D:3      | Noticed a water elemental
  3512 | D:3      | Noticed an air elemental
  3731 | D:4      | Noticed a black bear
  3748 | D:4      | Slain by a black bear

Illustrated notes

Levels and vault maps discovered:
D:1:      onia_arrival_pentagram, layout_loops_corners,
          ebering_ecumenical_altar_ruins
D:2:      layout_basic
D:3:      layout_loops_ring, slow_altar_1, nicolae_qazlal_style_of_elements,
          ashenzari_conservatory_becter
D:4:      minmay_evil_eye, layout_basic, gammafunk_ghost_abyssal_escape

Skill      XL: |  1  2  3  4  5 |
---------------+----------------+-----
Conjurations   | 2 3 |  3.3
Spellcasting   | 3 |  3.2
Fire Magic     | 4 |  4.1
Maces & Flails | |  0.7
Dodging        | |  1.7
Stealth        | |  2.1

Action                   |  1- 3 |  4- 6 || total
-------------------------+-------+-------++-------
Melee: Club              |    17 |    13 ||    30
       Whip              |       |     4 ||     4
 Cast: Foxfire           |    50 |    56 ||   106
       Scorch            |    11 |    12 ||    23
Armor: Robe              |    22 |    12 ||    34
Dodge: Dodged            |    35 |    19 ||    54

Table legend: (Time is in decaauts)
 A = Elapsed time spent in this place.
 B = Non-inter-level travel time spent in this place.
 C = Inter-level travel time spent in this place.
 D = Time resting spent in this place.
 E = Time spent auto-exploring this place.
 F = Levels seen in this place.
 G = Mean time per level.
                   A        B        C        D        E       F      G
               +--------+--------+--------+--------+--------+-----+--------+
         Total |   3755 |   3696 |     59 |     17 |   3124 |   4 |  938.8 |
       Dungeon |   3755 |   3696 |     59 |     17 |   3124 |   4 |  938.8 |
               +--------+--------+--------+--------+--------+-----+--------+

Top non-repeatable levels by time:
     D:1: 1645 daAuts
     D:3: 1120 daAuts
     D:2: 904 daAuts
     D:4: 84 daAuts
